 Dungeon Crawl Stone Soup version 0.30-a0-374-g95c0257040 (webtiles) character file.

Game seed: 142611379165007942

37 sanka the Shooter (level 3, 29/29 HPs)
             Began as a Formicid Hunter on Nov 25, 2022.
             Was a Follower of Fedhas.
             Quit the game on level 1 of the Dungeon.
             The game lasted 00:01:36 (739 turns).

sanka the Shooter (Formicid Hunter)                  Turns: 739, Time: 00:01:37

Health: 29/29      AC:  3    Str: 15    XL:     3   Next: 62%
Magic:  3/3        EV: 12    Int:  8    God:    Fedhas [*.....]
Gold:   82         SH:  0    Dex: 19    Spells: 2/2 levels left

rFire   . . .      SeeInvis +    a - +0 shortbow
rCold   . . .      Faith    .    (no shield)
rNeg    . . .      Spirit   .    c - +0 leather armour
rPois   .          Reflect  .    (helmet unavailable)
rElec   .          Harm     .    (no cloak)
rCorr   +          Rampage  .    (no gloves)
Will    .....                    (no boots)
Stlth   ++........               (no amulet)
HPRegen 0.24/turn                (no ring)
MPRegen 0.08/turn                i - ring of resist corrosion

@: no status effects
A: permanent stasis, dig shafts and tunnels, antennae 3, four strong arms
a: Dig, Shaft Self, Renounce Religion


You were on level 1 of the Dungeon.
You worshipped Fedhas.
Fedhas was aware of your devotion.
You visited 1 branch of the dungeon, and saw 1 of its levels.

You collected 82 gold pieces.


Innate Abilities, Weirdness & Mutations

You cannot be hasted, slowed, berserked, paralysed or teleported.
You can dig through walls and to a lower floor.
You have a pair of large antennae on your head. (SInv)
Your four strong arms can wield two-handed weapons with a shield.


   Skills:
 - Level 3.0 Fighting
 + Level 4.8 Ranged Weapons
 - Level 1.7 Dodging
 - Level 1.2 Stealth


You had 2 spell levels left.
You didn't know any spells.
Your spell library was empty.

Inventory:

Hand Weapons
 a - a +0 shortbow (weapon)
Armour
 c - a +0 leather armour (worn)
Jewellery
 i - a ring of resist corrosion (right hand)
Scrolls
 b - a scroll of immolation {!r}
 f - a scroll of teleportation {unknown}
 g - a scroll of silence {unknown}
Potions
 d - a potion of curing {unknown}
 e - a potion of cancellation {unknown}
 h - a potion of might {unknown}

Dungeon Overview and Level Annotations

Branches:
Dungeon (1/15)

Altars:
Fedhas

.▒.▒▒.▒ ▒▒▒▒▒▒▒ .▒.▒▒.▒
▒▒.....▒▒ ...▒▒.▒▒▒▒▒
▒▒.▒▒▒▒▒.▒▒
)▒▒▒▒.....▒▒▒.▒.....▒.▒▒
)▒ ▒▒▒▒▒.▒▒.▒≈.....≈..▒▒
.▒ ▒.▒.▒.≈≈.#.#.≈▒.▒▒ .▒
▒..▒..≈#≈#≈.#..▒.▒ .▒
▒..▒≈≈≈≈≈#.≈...▒.▒ .▒
▒......≈B.≈....▒.▒ .▒
▒..▒≈#≈≈≈≈.≈...▒.▒ .▒
▒..▒..≈.≈≈≈##..▒.▒
.▒▒▒▒▒
▒.▒.▒.≈≈...≈.≈▒.▒▒
.....▒ ▒....▒≈...[.≈#.▒▒
▒▒▒▒.▒ ▒▒▒▒▒.▒.....▒.▒▒
▒.▒ ▒▒.▒▒▒▒▒.▒▒ ▒.▒
▒▒.....▒▒ ▒.▒ ▒▒▒...▒▒


There were no monsters in sight!


Message History

You kill the hobgoblin!
No target in view!
You see here a hobgoblin corpse.
You see here 4 boomerangs.
Found a stone staircase leading down.
There is a stone staircase leading down here.
Found a stone staircase leading down.
There is a stone staircase leading down here.
There is a stone staircase leading down here.
You see here a hobgoblin corpse.
You see here a +0 buckler.
Found 7 gold pieces.
You now have 82 gold pieces (gained 7).
Found 3 stones.
You see here 3 stones.
Found a golden ring.
i - a ring of resist corrosion Done exploring.
Put ring on which hand? (Esc to cancel) < - no ring (left) > - no ring (right)
i - a ring of resist corrosion (right hand) Done exploring.
Search for what [? for help]? .
There is a faded altar of an unknown god here.
This altar belongs to (a) Kikubaaqudgha, (b) Okawaru or (c) Fedhas, but you can't tell which.
Press the corresponding letter to learn more about a god, or press enter to convert or escape to cancel.
Fedhas accepts your prayer! Fedhas welcomes you!
The plants of the dungeon cease their hostilities.
Are you sure you want to abandon this character and quit the game? (Confirm with "yes".)

Action                   || total
-------------------------++-------
 Fire: Shortbow          ||    64
Armor: Leather armour    ||     5
Dodge: Dodged            ||    12

Levels and vault maps discovered:
D:1:      dpeg_arrival_renting, layout_loops_ring,
          shapermc_ecumenical_altar_starsandcircs, amethyst_killhole

Notes
Turn   | Place    | Note
-------+----------+-------------------------------------------
     0 | D:1      | sanka the Formicid Hunter began the quest for the Orb.
     0 | D:1      | Reached XP level 1. HP: 16/16 MP: 1/1
   130 | D:1      | Reached XP level 2. HP: 23/23 MP: 2/2
   133 | D:1      | Found a faded altar of an unknown god.
   290 | D:1      | Reached skill level 3 in Fighting
   290 | D:1      | Reached XP level 3. HP: 29/29 MP: 3/3
   738 | D:1      | Prayed at the altar of an unknown god.
   738 | D:1      | Became a worshipper of Fedhas Madash
   738 | D:1      | Reached * piety under Fedhas
   739 | D:1      | Quit the game

Vanquished Creatures
  2 dart slugs (D:1)
  A ball python (D:1)
  5 endoplasms (D:1)
  A giant cockroach (D:1)
  4 goblins (D:1)
  5 hobgoblins (D:1)
  3 quokkas (D:1)
  A bat (D:1)
  A frilled lizard (D:1)
  A kobold (D:1)
  6 rats (D:1)
30 creatures vanquished.
